 Dungeon Crawl Stone Soup version 0.26.1 (webtiles) character file.

Game seed: 14615462972859278594

90249 H0rd4k the Black Belt (level 16, -20/98 HPs)
             Began as an Octopode Transmuter on Feb 2, 2021.
             Was an Initiate of Gozag.
             Shot with an arrow by a naga sharpshooter (21 damage)
             ... on level 1 of the Snake Pit on Feb 4, 2021.
             The game lasted 01:40:21 (35278 turns).

H0rd4k the Black Belt (Octopode Transmuter)        Turns: 35278, Time: 01:40:22

Health: -20/98     AC:  6    Str: 28    XL:     16   Next: 0%
Magic:  27/31      EV: 19    Int: 17    God:    Gozag
Gold:   1714       SH:  0    Dex: 17    Spells: 6/37 levels left

rFire    + + .     SeeInvis +     - Unarmed
rCold    . . .     Faith    .   (shield currently unavailable)
rNeg     + . .     Spirit   .   T - +1 hat of the Pit {Str+4}
rPois    +         Reflect  .   n - amulet of the acrobat
rElec    .         Harm     .   M - +6 ring of strength
rCorr    .         Rampage  .   x - +4 ring of slaying
Will     +....                  C - ring "Ocemez" {rF++ rN+}
Stlth    +++++++...             c - +4 ring of protection
HPRegen  0.26/turn              E - ring of poison resistance
MPRegen  0.22/turn              G - +6 ring of strength
                                K - ring of see invisible
                                e - ring of wizardry

@: lethally poisoned (-20 -> -21), blade tentacles, gold aura
A: almost no armour, stealthy swim, amphibious, 8 rings, constrict 8, camouflage
1, agile 1, wild magic 1, gelatinous body 1
a: End Transformation, Renounce Religion, Potion Petition, Call Merchant, Bribe
Branch


You were on level 1 of the Snake Pit.
You worshipped Gozag.
Gozag was most pleased with you.
You had blades for tentacles.
You visited 5 branches of the dungeon, and saw 22 of its levels.
You also visited: Sewer and Ossuary.

You collected 7229 gold pieces.
You spent 3416 gold pieces at shops.
You paid 2099 gold pieces to Gozag.

Inventory:

Missiles
 q - 47 poisoned darts
Armour
 T - the +1 hat of the Pit (worn) {Str+4}
   (You bought it in a shop on level 10 of the Dungeon)

   It affects your strength (+4).
Jewellery
 c - a +4 ring of protection (on tentacle)
 e - a ring of wizardry (on tentacle)
 n - an amulet of the acrobat (around mantle)
 v - an uncursed ring of resist corrosion
 x - a +4 ring of slaying (right scythe-like blade)
 C - the ring "Ocemez" (on tentacle) {rF++ rN+}
   (You found it on level 5 of the Dungeon)

   [ring of positive energy]

   It greatly protects you from fire.
   It protects you from negative energy.
 E - a ring of poison resistance (on tentacle)
 G - a +6 ring of strength (on tentacle)
 K - a ring of see invisible (on tentacle)
 M - a +6 ring of strength (left scythe-like blade)
Wands
 p - a wand of iceblast (10)
 u - a wand of polymorph (16)
 Q - a wand of paralysis (5)
 S - a wand of acid (19)
 W - a wand of flame (11)
 X - a wand of disintegration (1)
Scrolls
 b - 16 scrolls of remove curse
 g - a scroll of blinking
 i - 9 scrolls of teleportation
 o - a scroll of amnesia
 w - 4 scrolls of magic mapping
 B - 4 scrolls of fear
 F - a scroll of holy word
Potions
 d - 3 potions of heal wounds
 f - 5 potions of flight
 h - 2 potions of berserk rage
 k - a potion of cancellation
 l - 2 potions of invisibility
 m - 7 potions of curing
 t - 6 potions of brilliance
 A - 4 potions of haste
 D - 4 potions of magic
 H - 5 potions of might
 I - a potion of resistance
 J - 4 potions of ambrosia
 N - 3 potions of mutation
Miscellaneous
 a - a lightning rod (4/4)
 j - a box of beasts
 y - a phial of floods
 V - a tin of tremorstones (2/2)


   Skills:
 + Level 5.2 Fighting
 + Level 8.4 Dodging
 + Level 13.3 Stealth
 + Level 16.2 Unarmed Combat
 + Level 11.1 Spellcasting
 * Level 3.4 Hexes
 - Level 4.0 Translocations
 + Level 10.5 Transmutations
 + Level 4.4 Ice Magic
 * Level 5.3 Poison Magic
 + Level 5.0 Evocations


You had 6 spell levels left.
You knew the following spells:

 Your Spells              Type           Power        Failure   Level
a - Beastly Appendage     Tmut           100%         4%          1
b - Blink                 Tloc           N/A          12%         2
c - Blade Hands           Tmut           28%          13%         5
d - Ice Form              Ice/Tmut       45%          16%         4
e - Spider Form           Tmut/Pois      23%          9%          3
f - Irradiate             Conj/Tmut      17%          41%         5
g - Yara's Violent Unrav  Hex/Tmut       21%          28%         5
h - Eringya's Noxious Bo  Tmut/Pois      23%          54%         6

Your spell library contained the following spells:

 Spells                   Type           Power        Failure   Level
 Wereblood                Tmut           56%          4%          2
 Slow                     Hex            27%          13%         2
 Ignite Poison            Fire/Tmut/Pois 35%          13%         3
 Magic Dart               Conj           48%          22%         1
 Petrify                  Tmut/Erth      35%          24%         4
 Alistair's Intoxication  Tmut/Pois      31%          24%         5
 Mephitic Cloud           Conj/Pois/Air  20%          26%         3
 Call Imp                 Summ           12%          28%         2
 Sublimation of Blood     Necr           6%           28%         2
 Cause Fear               Hex            13%          36%         4
 Conjure Flame            Conj/Fire      12%          38%         3
 Silence                  Hex/Air        9%           77%         5
 Fireball                 Conj/Fire      6%           90%         5
 Starburst                Conj/Fire      6%           100%        6
 Discord                  Hex            13%          100%        8
 Ignition                 Fire           6%           100%        8


Dungeon Overview and Level Annotations

Branches:
Dungeon (11/15)            Temple (1/1) D:4            Lair (6/6) D:10
  Swamp (0/4) Lair:3        Snake (2/4) Lair:2        Slime (0/5) Lair:5
    Orc (2/2) D:9             Elf (0/3) Orc:2         Sewer (visited)
Ossuary (visited)

Altars:
Ashenzari
Cheibriados
Dithmenos
Elyvilon
Fedhas
Gozag
Hepliaklqana
Kikubaaqudgha
Makhleb
Nemelex Xobeh
Okawaru
Qazlal
Ru
Sif Muna
Trog
Uskayaw
Vehumet
Wu Jian
Xom
Yredelemnul
Zin
The Shining One
Beogh

Shops:
D:4 **[((   D:9 !   D:10 :}*   Orc:1 *   Orc:2 [(![

Annotations:
Snake:1 1 runed translucent door


Innate Abilities, Weirdness & Mutations

You cannot wear most types of armour.
You are very stealthy in the water. (Stealth+)
You are amphibious.
You can wear up to eight rings at the same time.
You can use your tentacles to constrict eight enemies at once.
Your skin changes colour to match your surroundings (Stealth+).
Your rubbery body absorbs attacks. (AC +1, EV +1)
You are agile. (Dex +2)
Your spells are a little harder to cast, but a little more powerful.


Message History

The splash of poison hits you.
You are poisoned.
You resist.
The naga sharpshooter shoots an arrow.
The arrow hits you!!
* * * LOW HITPOINT WARNING * * *
You have reached level 16!
You feel much better.
You feel sick.
The naga sharpshooter shoots an arrow.
The arrow hits you!
* * * LOW HITPOINT WARNING * * *
The naga sharpshooter shoots an arrow.
The arrow completely misses you.
The naga sharpshooter shoots an arrow.
The arrow hits you!!
* * * LOW HITPOINT WARNING * * *
Things that are here:
18 gold pieces; an arrow; a +0 hand axe You barely miss the naga sharpshooter.
* * * LOW HITPOINT WARNING * * *
You feel sick.
The naga sharpshooter becomes distracted by the nearby gold, dreaming of imaginary riches.
The naga sharpshooter shoots an arrow.
The arrow hits you!!
You die...
Your body crumbles into a pile of gold.

.............# .............#
.............#######
............)).....#####
...#........######.))..########
####..........# #####.........
#.............## ###.......
#..........)..N###### #.......
............SN@$$((# #.......
###..........#####(#####.......
##........## #.............
#.......## #######.......
#.....### ##....... ###.###.#
##.#.#.#.. ........# #.........
.......>N##### #######.#.#.###
.........NNS..# ##............#


You could see 2 naga sharpshooters and an anaconda.

Vanquished Creatures
  Gastronok (Lair:1)
  The ghost of Panli the Archer, a journeyman CeAM of Okawaru (Lair:5)
  4 naga warriors (Snake:1)
  13 hydras
  4 catoblepae
  Erica (D:8)
  3 two-headed ogres
  11 death yaks (Lair:6)
  3 orc high priests (Orc:2)
  A shock serpent (Snake:1)
  A naga sharpshooter (Snake:1)
  Urug (D:11)
  A sea snake (Snake:1)
  An unseen horror (D:11)
  Pikel (D:4)
  A lindwurm (Lair:4)
  3 orc knights
  The ghost of kelmiir the Conjurer, a novice DrCj of Nemelex Xobeh (D:6)
  The ghost of lasso the Thaumaturge, a novice DECj (D:6)
  4 mana vipers
  2 oklob plants
  6 manticores
  2 cyclopes
  An orc sorcerer (Orc:2)
  4 salamanders (Snake:1)
  A guardian serpent (Snake:1)
  4 naga magi (Snake:1)
  11 black mambas
  2 elephants (Lair:4)
  10 cane toads
  7 komodo dragons
  3 rime drakes
  A queen bee (Lair:4)
  A polar bear (Lair:4)
  3 meliai (Lair:4)
  6 trolls
  A meliai zombie (D:11)
  19 blink frogs
  14 dream sheep
  A wraith (D:11)
  4 wyverns
  46 yaks
  The ghost of mojasp the Chopper, an amateur HOMo of Beogh (D:4)
  Grum (D:8)
  6 basilisks
  2 steam dragons
  12 nagas (Snake:1)
  4 vampire mosquitoes (Lair:3)
  A death yak simulacrum (Lair:5)
  2 hydra simulacra (Lair:5)
  11 water moccasins
  33 orc warriors
  2 ice beasts
  3 black bears
  6 sky beasts
  26 wolves
  16 ogres
  3 phantoms
  2 necrophages
  6 centaurs
  The ghost of VeinyPole the Firebug, an amateur OpFE (D:3)
  2 big kobolds
  24 bullfrogs
  A wyvern zombie (D:9)
  7 scorpions
  32 killer bees
  27 wights
  2 howler monkeys
  2 electric eels (Snake:1)
  2 centaur zombies
  4 hounds
  A bullfrog zombie (D:9)
  16 orc priests
  29 orc wizards
  A bullfrog skeleton (D:7)
  A centaur skeleton (D:8)
  2 komodo dragon simulacra (Lair:5)
  5 jellies
  5 iguanas
  9 worker ants
  A statue (D:4)
  A big kobold zombie (Ossuary)
  8 mummies (Ossuary)
  Robin (D:3)
  3 gnolls (D:7)
  15 adders
  4 river rats
  A shadow imp (D:7)
  2 white imps
  An ufetubus (D:7)
  An ooze (D:3)
  3 adder skeletons
  An adder zombie (D:8)
  4 worms
  3 dart slugs
  8 leopard geckos
  109 orcs
  5 ball pythons
  7 bats
  13 giant cockroaches
  25 goblins
  14 hobgoblins
  5 jackals
  21 kobolds
  6 quokkas
  A ball python skeleton (D:5)
  12 frilled lizards
  A giant cockroach zombie (D:2)
  A gnoll zombie (Ossuary)
  A hobgoblin zombie (Ossuary)
  3 kobold zombies (Ossuary)
  A leopard gecko skeleton (D:8)
  2 leopard gecko zombies
  2 orc zombies (Ossuary)
  A quokka zombie (D:8)
  15 rats
  2 plants (Lair:1)
820 creatures vanquished.

Vanquished Creatures (collateral kills)
  An orc warlord (Orc:2)
  An orc knight (Orc:2)
  4 orcs (Orc:2)
6 creatures vanquished.

Vanquished Creatures (others)
  50 fungi
  103 plants
153 creatures vanquished.

Grand Total: 979 creatures vanquished

Notes
Turn   | Place    | Note
-------+----------+-------------------------------------------
     0 | D:1      | H0rd4k the Octopode Transmuter began the quest for the Orb.
     0 | D:1      | Reached XP level 1. HP: 13/13 MP: 3/3
   164 | D:1      | Reached XP level 2. HP: 17/18 MP: 5/5
   930 | D:1      | Reached XP level 3. HP: 23/23 MP: 6/6
  1132 | D:1      | Reached skill level 1 in Stealth
  1491 | D:2      | HP: 1/23 [orc/+0 flail (8)]
  1818 | D:2      | Reached XP level 4. HP: 21/28 MP: 7/7
  2436 | D:2      | Reached skill level 4 in Unarmed Combat
  2767 | D:2      | Reached XP level 5. HP: 29/33 MP: 8/8
  3300 | D:3      | Found a burning altar of Makhleb.
  3424 | D:3      | Found a transporter.
  3426 | D:3      | Found a transporter.
  3426 | D:3      | Noticed VeinyPole's ghost (amateur OpFE)
  3709 | D:3      | Upgraded the game from 0.26.0-90-g5fd8617961 to
                  | 0.26.0-91-g99b343417d
  4113 | D:3      | Reached skill level 5 in Unarmed Combat
  4113 | D:3      | Reached XP level 6. HP: 37/38 MP: 9/9
  4365 | D:3      | Noticed Robin
  4432 | D:3      | Killed Robin
  4564 | D:3      | Learned a level 3 spell: Spider Form
  4897 | D:4      | Found Paoh's Armour Shoppe.
  5034 | D:4      | Found a staircase to the Ecumenical Temple.
  5168 | D:4      | Found Tynuefoa's Assorted Antiques.
  5267 | D:4      | Found Meogg's Assorted Antiques.
  5291 | D:4      | Found a blossoming altar of Fedhas.
  5297 | D:4      | Found Teyseush's Weapon Emporium.
  5314 | D:4      | Found a large runed translucent door.
  5314 | D:4      | Found a large runed translucent door.
  5322 | D:4      | Noticed Pikel
  5405 | Temple   | Entered the Ecumenical Temple
  5467 | D:4      | Killed Pikel
  5468 | D:4      | Reached skill level 6 in Unarmed Combat
  5468 | D:4      | Reached XP level 7. HP: 44/44 MP: 10/12
  5468 | D:4      | Reached XP level 8. HP: 49/49 MP: 10/13
  5473 | D:4      | Reached skill level 1 in Poison Magic
  5702 | D:4      | Noticed mojasp's ghost (amateur HOMo)
  5745 | D:4      | Found a hide-covered altar of Uskayaw.
  5806 | D:4      | Found Ylouw's Weapon Boutique.
  5824 | D:4      | Reached skill level 5 in Stealth
  5824 | D:4      | Reached skill level 1 in Evocations
  5865 | D:4      | Found a radiant altar of Vehumet.
  6033 | D:5      | Entered Level 5 of the Dungeon
  6043 | D:5      | Got a wavering jade ring
  6044 | D:5      | Identified the ring "Ocemez" {rF++ rN+} (You found it on
                  | level 5 of the Dungeon)
  6195 | D:5      | Found a glowing drain.
  6273 | D:5      | Learned a level 5 spell: Blade Hands
  6295 | D:5      | Got an iridescent dagger
  6319 | Sewer    | Entered a sewer
  6634 | Sewer    | Identified the cursed +1 dagger "Koipumnuoch" {freeze,
                  | Dex+2} (You found it on level 5 of the Dungeon)
  6736 | D:5      | Reached skill level 7 in Unarmed Combat
  6955 | D:5      | Reached XP level 9. HP: 44/54 MP: 13/15
  7297 | D:6      | Reached skill level 5 in Transmutations
  7654 | D:6      | Reached skill level 8 in Unarmed Combat
  7821 | D:6      | Reached skill level 5 in Spellcasting
  8137 | D:6      | Found a runed translucent gate.
  8140 | D:6      | Found a runed translucent gate.
  8140 | D:6      | Noticed lasso's ghost (novice DECj)
  8141 | D:6      | Found a runed translucent gate.
  8141 | D:6      | Noticed kelmiir's ghost (novice DrCj)
  8449 | D:7      | Reached skill level 9 in Unarmed Combat
  8491 | D:7      | Found a sand-covered staircase.
  8516 | Ossuary  | Entered an ossuary
  8745 | Ossuary  | Reached XP level 10. HP: 58/60 MP: 18/18
  9017 | D:7      | Found a sparkling altar of Nemelex Xobeh.
  9023 | D:7      | Found a bloodstained altar of Trog.
  9026 | D:7      | Found an opulent altar of Gozag.
  9029 | D:7      | Found a shimmering altar of Xom.
  9041 | D:7      | Became a worshipper of Gozag Ym Sagoz the Greedy
  9262 | D:7      | Found a snail-covered altar of Cheibriados.
  9387 | D:7      | Learned a level 4 spell: Ice Form
  9398 | D:8      | Noticed Erica
  9495 | D:8      | Noticed Grum
  9515 | D:8      | Killed Grum
 10180 | D:8      | Reached skill level 10 in Unarmed Combat
 10902 | D:9      | Gained mutation: You are dopey. (Int -2) [mutagenic glow]
 11039 | D:9      | Found a sacrificial altar of Ru.
 11065 | D:9      | Reached skill level 5 in Dodging
 11368 | D:9      | Reached XP level 11. HP: 57/64 MP: 16/20
 11390 | D:9      | Noticed a two-headed ogre
 11643 | D:10     | Entered Level 10 of the Dungeon
 12437 | D:10     | Reached skill level 11 in Unarmed Combat
 12987 | D:10     | Found a staircase to the Lair.
 14076 | D:10     | Learned a level 2 spell: Blink
 14227 | D:9      | Found a staircase to the Orcish Mines.
 14406 | D:9      | Found Ruehygyary's Distillery.
 14741 | D:9      | Killed a two-headed ogre
 14742 | D:9      | Reached skill level 1 in Translocations
 15320 | D:4      | Bought a scroll labelled SIETUF UGIHESI for 20 gold pieces
 15320 | D:4      | Bought a scroll of teleportation for 60 gold pieces
 15399 | D:4      | Bought a wand of iceblast (14) for 100 gold pieces
 15399 | D:4      | Bought a shiny ivory wand for 100 gold pieces
 15399 | D:4      | Bought a scroll labelled DATANY MOYTI for 25 gold pieces
 15553 | D:10     | Bought a scroll of identify for 24 gold pieces
 15553 | D:10     | Bought a scroll of identify for 24 gold pieces
 15553 | D:10     | Bought the +1 hat of the Pit {Str+4} for 292 gold pieces
 15580 | Lair:1   | Entered Level 1 of the Lair of Beasts
 15694 | Lair:1   | Noticed an oklob plant
 15761 | Lair:1   | Noticed Gastronok
 15778 | Lair:1   | Killed Gastronok
 15779 | Lair:1   | Reached skill level 1 in Ice Magic
 15779 | Lair:1   | Reached XP level 12. HP: 71/72 MP: 17/23
 16118 | Lair:1   | Reached skill level 12 in Unarmed Combat
 16319 | Lair:1   | Noticed an eight-headed hydra
 16331 | Lair:1   | Killed an eight-headed hydra
 17066 | Lair:2   | Noticed a four-headed hydra
 17072 | Lair:2   | Killed a four-headed hydra
 17073 | Lair:2   | Reached skill level 10 in Stealth
 17228 | Lair:2   | Noticed a five-headed hydra
 17237 | Lair:2   | Killed a five-headed hydra
 17434 | Lair:2   | Found a staircase to the Snake Pit.
 18165 | Lair:3   | Noticed a five-headed hydra
 18174 | Lair:3   | Killed a five-headed hydra
 18855 | Lair:3   | Reached XP level 13. HP: 56/79 MP: 25/25
 19031 | Lair:3   | Found a staircase to the Swamp.
 19326 | Lair:3   | Reached skill level 13 in Unarmed Combat
 22268 | Lair:5   | You fall into a shaft and drop 1 floor!
 22268 | Lair:6   | Entered Level 6 of the Lair of Beasts
 22519 | Lair:6   | Reached XP level 14. HP: 64/86 MP: 22/27
 22794 | Lair:6   | Reached skill level 14 in Unarmed Combat
 25336 | Lair:6   | Reached skill level 15 in Unarmed Combat
 25418 | Lair:6   | Reached skill level 10 in Spellcasting
 26373 | Lair:5   | Found a runed translucent gate.
 26373 | Lair:5   | Found a runed translucent gate.
 26373 | Lair:5   | Found a runed translucent gate.
 26375 | Lair:5   | Noticed Panli's ghost (journeyman CeAM)
 26817 | Lair:5   | Found a staircase to the Slime Pits.
 26968 | D:10     | Bought a scroll of teleportation for 36 gold pieces
 27069 | D:10     | Bought a lightning rod (4/4) for 480 gold pieces
 27069 | D:10     | Bought a box of beasts for 640 gold pieces
 27148 | Orc:1    | Entered Level 1 of the Orcish Mines
 27155 | Orc:1    | Found a roughly hewn altar of Beogh.
 27158 | Orc:1    | Upgraded the game from 0.26.0-91-g99b343417d to 0.26.1
 27189 | Orc:1    | Reached skill level 5 in Fighting
 27245 | Orc:1    | Reached XP level 15. HP: 56/92 MP: 24/29
 27806 | Orc:1    | Found Laguuvytz's Assorted Antiques.
 27992 | Orc:1    | Found a bloodstained altar of Trog.
 28147 | Orc:2    | Entered Level 2 of the Orcish Mines
 28147 | Orc:2    | Found a staircase to the Elven Halls.
 28158 | Orc:2    | Found a roughly hewn altar of Beogh.
 28369 | Orc:2    | Found a roughly hewn altar of Beogh.
 28376 | Orc:2    | Found Xaweon's Distillery.
 28424 | Orc:2    | Bought a potion of ambrosia for 136 gold pieces
 28424 | Orc:2    | Bought a potion of cancellation for 136 gold pieces
 28424 | Orc:2    | Bought a potion of might for 68 gold pieces
 28552 | Orc:2    | Paralysed by an orc sorcerer for 2 turns
 28559 | Orc:2    | Paralysed by an orc sorcerer for 5 turns
 28802 | Orc:2    | Reached skill level 10 in Transmutations
 28985 | Orc:2    | Noticed an orc warlord
 29349 | Orc:2    | Killed an orc warlord
 29861 | Orc:2    | Found Ryraimut's Antique Weapon Shoppe.
 29862 | Orc:2    | Found a roughly hewn altar of Beogh.
 29863 | Orc:2    | Found Isaoqano's Antique Armour Emporium.
 30044 | Orc:2    | Found a roughly hewn altar of Beogh.
 30056 | Orc:2    | Found Xuiwkuba's Armour Shoppe.
 30184 | Orc:2    | Found a roughly hewn altar of Beogh.
 30326 | D:10     | Bought a book of Alchemy for 1275 gold pieces
 30332 | D:10     | Learned a level 5 spell: Irradiate
 30338 | D:10     | Learned a level 5 spell: Yara's Violent Unravelling
 30345 | D:10     | Learned a level 6 spell: Eringya's Noxious Bog
 31068 | D:11     | Reached skill level 1 in Hexes
 31338 | D:11     | Noticed Urug
 31347 | D:11     | Killed Urug
 31623 | D:11     | Lost mutation: You are dopey. (Int -2) [potion of mutation]
 31623 | D:11     | Gained mutation: Your spells are a little harder to cast,
                  | but a little more powerful. [potion of mutation]
 31623 | D:11     | Gained mutation: You are agile. (Dex +2) [potion of
                  | mutation]
 31873 | D:3      | Killed VeinyPole's ghost
 32091 | D:4      | Killed mojasp's ghost
 32159 | D:6      | Killed kelmiir's ghost
 32161 | D:6      | Killed lasso's ghost
 32280 | D:8      | Killed Erica
 32281 | D:8      | Reached skill level 16 in Unarmed Combat
 32546 | Lair:5   | Killed Panli's ghost
 32729 | Snake:1  | Entered Level 1 of the Snake Pit
 33634 | Snake:1  | HP: 4/92 [anaconda (3)]
 34758 | Snake:1  | Found a runed translucent door.
 35076 | Snake:1  | Reached skill level 5 in Poison Magic
 35076 | Snake:1  | Reached skill level 5 in Evocations
 35276 | Snake:1  | Reached XP level 16. HP: 6/98 MP: 27/31
 35277 | Snake:1  | HP: 2/98 [naga sharpshooter/arrow (20)]
 35278 | Snake:1  | Shot with an arrow by a naga sharpshooter

Illustrated notes

Levels and vault maps discovered:
D:1:      dpeg_arrival_tiny_a, layout_loops_corners
D:2:      minmay_diamond_boxcup, layout_loops_ring, minmay_distorted
D:3:      layout_basic, old_standard_altar, gammafunk_ghost_arena, uniq_robin
D:4:      layout_cave_pools, eat_drink_and_be_merry_uskayaw, vehumet_statue,
          fedhas_ov_isle_minmay, minmay_temple_entry_sparse_star,
          ebering_ghost_disaster_area, serial_shops, shop, shop, shop,
          nicolae_shop_stone, shop_coins, uniq_pikel
D:5:      layout_basic, gup_sewer_entry_bowl
D:6:      layout_basic, gammafunk_ghost_cemetery
D:7:      layout_cave_pools, kennysheep_mini, grunt_temple_overflow_cloverleaf,
          enter_ossuary_1
D:8:      layout_basic, uniq_erica, uniq_grum
D:9:      layout_stronghold, orc_0_dummy, serial_shops,
          nicolae_shop_temple_entry_statues_fountains,
          nicolae_ru_sacrificial_ziggurat
D:10:     layout_grid_maze, grunt_lair_entry_orc_guard_hut,
          minmay_misc_feat_five
D:11:     layout_gridville, grunt_ministairs_12, uniq_urug
Temple:   nicolae_temple_god_jail
Lair:1:   layout_gridlike, st_stairs_8, minmay_lair_oklob_chamber,
          grunt_megastairs_3, infiniplex_staircase_pool_2, uniq_gastronok
Lair:2:   layout_gridlike, dummy_snake_entry
Lair:3:   layout_chaotic_city, minmay_swamp_entry_swarm, grunt_megastairs_1
Lair:4:   regret_index_tunnel_blossom, layout_regular_city
Lair:5:   layout_roguey, dpeg_slime_entry_corner, gammafunk_ghost_necromancy
Lair:6:   evilmike_catoblepas_cave, layout_misc_corridors
Snake:1:  layout_rooms, st_stairs_12, lightli_airlock, serial_bayou_shore_a,
          serial_bayou_shore_b
Snake:2:  layout_layer_cave, basic_altar, uniq_roxanne
Orc:1:    layout_caves, basic_altar, serial_shops, shop, trog_hazing_becter
Orc:2:    grunt_orc_community_town_hall, layout_caves,
          grunt_orc_community_big_house_1, grunt_orc_community_big_house_2,
          grunt_orc_community_house_1, grunt_orc_community_house_1,
          grunt_orc_community_house_3, grunt_orc_community_house_1

Skill      XL: |  1  2  3  4  5  6  7  8  9 10 11 12 13 14 15 |
---------------+----------------------------------------------+-----
Stealth        | 1 2 3 4 6 7 9 10 12 13 | 13.3
Unarmed Combat | 4 5 6 7 9 10 11 12 13 15 16 | 16.2
Dodging        | 3 4 5 6 7 8 |  8.4
Spellcasting   | 3 4 5 6 7 8 9 10 11 | 11.1
Transmutations | 3 4 5 6 7 8 9 10 | 10.5
Poison Magic   | 1 2 5 |  5.3
Evocations     | 1 2 3 4 5 |  5.0
Fighting       | 2 3 4 5 |  5.2
Translocations | 2 4 |  4.0
Ice Magic      | 1 4 |  4.4
Hexes          | 3 |  3.4

Action                   |  1- 3 |  4- 6 |  7- 9 | 10-12 | 13-15 | 16-18 || total
-------------------------+-------+-------+-------+-------+-------+-------++-------
Melee: Unarmed           |    99 |   217 |   239 |   456 |   778 |     1 ||  1790
       Constrict         |    27 |    61 |    55 |    60 |    91 |       ||   294
       Tentacles         |    15 |    33 |    31 |    62 |   120 |       ||   261
       Punch             |     1 |     6 |    11 |    29 |    89 |       ||   136
       Kick              |       |    16 |    29 |    60 |     6 |       ||   111
 Cast: Beastly Appendage |       |    11 |    17 |    24 |     3 |       ||    55
       Spider Form       |       |     2 |     8 |    15 |    15 |       ||    40
       Blade Hands       |       |       |       |    17 |    72 |       ||    89
       Ice Form          |       |       |       |     8 |     8 |       ||    16
       Blink             |       |       |       |       |     8 |       ||     8
       Yara's Violent Un |       |       |       |       |     5 |       ||     5
       Irradiate         |       |       |       |       |     1 |       ||     1
       Eringya's Noxious |       |       |       |       |     1 |       ||     1
Invok: Call Merchant     |       |       |       |     1 |     2 |       ||     3
Evoke: Wand              |       |     6 |    13 |    17 |    54 |       ||    90
       Lightning rod     |       |       |       |       |     2 |       ||     2
       Box of beasts     |       |       |       |       |     1 |       ||     1
       Phial of floods   |       |       |       |       |     1 |       ||     1
       Tin of tremorston |       |       |       |       |     1 |       ||     1
  Use: Scroll            |       |       |    13 |    10 |    11 |       ||    34
       Potion            |       |       |       |     1 |     9 |     1 ||    11
 Stab: Sleeping          |     8 |     9 |    14 |    34 |    16 |       ||    81
       Distracted        |       |       |       |     1 |    14 |       ||    15
       Confused          |       |       |       |     1 |       |       ||     1
       Paralysed         |       |       |       |       |     3 |       ||     3
Armor: Skin              |     8 |     3 |    17 |    39 |    66 |       ||   133
Dodge: Dodged            |    65 |   127 |   128 |   307 |   537 |     1 ||  1165
